 Dungeon Crawl Stone Soup version 0.17-a0-1651-gae1a69f (webtiles) character file.

7638 LilCorpsy the Covert (level 10, -7/46 HPs)
             Began as a Spriggan Assassin on Aug 14, 2015.
             Was a Priest of Ashenzari.
             Mangled by a spiny frog (20 damage)
             ... on level 1 of the Lair of Beasts.
             The game lasted 00:35:53 (11671 turns).

LilCorpsy the Covert (Spriggan Assassin)           Turns: 11671, Time: 00:35:53

Health: -7/46      AC:  5    Str:  7    XL:     10   Next: 98%
Magic:  11/11      EV: 32    Int: 14    God:    Ashenzari [***...]
Gold:   180        SH:  0    Dex: 22    Spells: 0 memorised, 9 levels left

rFire  . . .     SeeInvis +     h - +5 dagger (venom) (curse)
rCold  . . .     Clarity  +     t - +2 robe (curse)
rNeg   . . .     SustAt   .     (shield restricted)
rPois  .         Gourm    .     (helmet restricted)
rElec  .         Spirit   .     d - +0 cloak (curse)
rCorr  .         Warding  .     (gloves unavailable)
rMut   .         Rnd*Tele +     (boots unavailable)
MR     +....                    j - amulet of clarity
Stlth  ++++++++..               (no ring)
                                k - ring of teleportation (curse)

@: lethally poisoned (-7 -> -22), very quick, somewhat resistant to hostile
enchantments, extraordinarily stealthy
A: unfitting armour, see invisible, agile 1, deterioration 1, herbivore 3, speed
3, slow metabolism 2, spit poison 1
a: Spit Poison, Scrying, Renounce Religion, Evoke Teleportation


You were on level 1 of the Lair of Beasts.
You worshipped Ashenzari.
Ashenzari was most pleased with you.
You were not hungry.

You visited 2 branches of the dungeon, and saw 11 of its levels.

You collected 419 gold pieces.
You spent 239 gold pieces at shops.

Inventory:

Hand weapons
 b - a +0 blowgun
 h - a cursed +5 dagger of venom (weapon)
 H - the +5 scimitar "Orb Guardian's Bane" {slice, MR+ MP+9 Dex+2}
   (You found it on level 1 of the Lair of Beasts)

   It inflicts extra damage upon your enemies.
   It affects your dexterity (+2).
   It affects your resistance to hostile enchantments.
   It affects your magic capacity (+9).
Missiles
 e - 56 poisoned needles
Armour
 d - a cursed +0 cloak (worn)
 t - a cursed +2 robe (worn)
Jewellery
 j - an amulet of clarity (around neck)
 k - a cursed ring of teleportation (left hand)
 x - an uncursed amulet of stasis
Magical devices
 m - a wand of hasting (0)
 n - a wand of polymorph (11)
 p - a wand of slowing (28)
 q - a wand of slowing (26)
 u - a wand of polymorph (17)
 v - a wand of random effects (12)
 w - a wand of enslavement (17)
 y - a wand of slowing (21)
 A - a wand of invisibility (2)
 F - a wand of magic darts (14)
Scrolls
 a - 8 scrolls of identify
 c - a scroll of fog
 f - 2 scrolls of magic mapping
 l - 2 scrolls of curse jewellery
 r - 5 scrolls of curse weapon
 B - a scroll of fear {unknown}
 C - 2 scrolls of curse armour
 G - 2 scrolls of brand weapon {unknown}
Potions
 o - a potion of magic {unknown}
 D - a potion of flight
Books
 i - the Papyrus of Burning Conjuration
   (You found it on level 7 of the Dungeon)

   Spells                             Type                      Level
   a - Conjure Flame                  Conjuration/Fire             3
   b - Sticky Flame                   Conjuration/Fire             4
   c - Bolt of Magma                  Conjuration/Fire/Earth       5
   d - Bolt of Fire                   Conjuration/Fire             6
 s - a book of the Sky

   Spells                             Type                      Level
   a - Summon Lightning Spire         Summoning/Air                4
   b - Airstrike                      Air                          4
   c - Silence                        Hexes/Air                    5
   d - Deflect Missiles               Charms/Air                   6
   e - Conjure Ball Lightning         Conjuration/Air              6
   f - Tornado                        Air                          9
Comestibles
 g - 6 bread rations
 z - 11 royal jellies
 E - a slice of pizza


   Skills:
 - Level 1.5 Fighting
 * Level 12.9(15.4) Short Blades
 - Level 2.1 Throwing
 + Level 11.8(13.4) Dodging
 + Level 13.7(15.3) Stealth


You had 9 spell levels left.
You didn't know any spells.

Dungeon Overview and Level Annotations

Branches:
Dungeon (10/15)            Temple (0/1) D:4            Lair (1/8) D:8
    Orc: D:9-12

Altars:
Ashenzari
Cheibriados
Dithmenos
Gozag
Kikubaaqudgha
Okawaru
Qazlal
Ru

Shops:
D:2 *   D:4 [:   D:5 :   D:6 =   D:9 ([*

Annotations:
D:9 chimenez's ghost, experienced HOFi


Innate Abilities, Weirdness & Mutations

You are tiny and cannot use many weapons and most armour.
You have supernaturally acute eyesight.
You are a herbivore.
You cover ground extremely quickly.
You need consume almost no food.
You are agile. (Dex +2)
Your body sometimes deteriorates upon taking damage.
You can spit weak poison.


Message History

The spiny frog is heavily wounded.
You feel sick. The river rat barely misses you.
The river rat completely misses you. The river rat closely misses you.
You hit the spiny frog.
The spiny frog looks even sicker.
The spiny frog is severely wounded.
You feel sick. The spiny frog misses you. The river rat bites you!
You hit the spiny frog.
The spiny frog is severely wounded.
You feel sick. The river rat completely misses you.
The river rat completely misses you. x2
The spiny frog completely misses you. The river rat closely misses you.
You hit the spiny frog but do no damage.
The spiny frog is severely wounded.
The river rat completely misses you.
You closely miss the spiny frog.
The spiny frog is severely wounded.
* * * LOW HITPOINT WARNING * * *
You feel sick. The river rat misses you. The river rat closely misses you.
The spiny frog stings you!!
You die...

, * * * , * #.....,
.## , #....P
*#..#*, *
.#.....##*...#* *
,......PP##..P## *
, .#.............,
, *
+./............. ,
, ......rFr.......
,, ,
[......@r(...... ,
.......rr...... *
#...#.P.##+P##. , ,
, #............# ,.
** #............#
.. ,,
#............#...
....#............,,
, * ,
#...#............ ,
*#..,#........#.. ,


You could see a spiny frog and 5 river rats.

Vanquished Creatures
  A troll (D:9)
  13 yaks
  A hippogriff (Lair:1)
  Duvessa (D:7)
  2 water moccasins
  2 sky beasts
  2 black bears (D:9)
  A necrophage (D:7)
  2 ice beasts
  3 phantoms
  2 ogres
  2 orc warriors (D:7)
  A crocodile (Lair:1)
  12 big kobolds
  4 centaurs
  10 giant frogs
  Dowan (D:7)
  2 scorpions
  12 killer bees
  5 wights (D:7)
  3 crimson imps
  3 jellies (D:9)
  Ijyb (D:3)
  A gnoll shaman (D:9)
  4 iguanas
  4 centaur skeletons
  A hound (D:7)
  6 orc wizards
  2 orc priests
  Terence (D:3)
  2 hound zombies
  A hound skeleton (D:7)
  Robin (D:3)
  7 adders
  8 gnolls
  4 shadow imps
  3 river rats (Lair:1)
  7 oozes
  An adder skeleton (D:8)
  5 worms
  20 orcs
  6 giant cockroaches
  15 goblins
  9 hobgoblins
  14 jackals
  33 kobolds
  4 quokkas
  7 bats
  6 giant newts
  8 rats
  A fungus (D:8)
267 creatures vanquished.

Vanquished Creatures (others)
  2 fungi (Lair:1)
2 creatures vanquished.

Grand Total: 269 creatures vanquished

Notes
Turn   | Place    | Note
--------------------------------------------------------------
     0 | D:1      | LilCorpsy the Spriggan Assassin began the quest for the Orb.
     0 | D:1      | Reached XP level 1. HP: 10/10 MP: 2/2
   144 | D:1      | Reached skill level 6 in Stealth
   234 | D:1      | Reached XP level 2. HP: 14/14 MP: 3/3
   551 | D:2      | Reached XP level 3. HP: 11/18 MP: 4/4
  1009 | D:2      | Found a shattered altar of Ashenzari.
  1150 | D:2      | Became a worshipper of Ashenzari the Shackled
  1166 | D:2      | Found Gozag's Platinum Reserve.
  1176 | D:2      | Found an opulent altar of Gozag.
  1266 | D:2      | Gained mutation: Your body sometimes deteriorates upon taking damage. [potion of mutation]
  1266 | D:2      | Gained mutation: You can spit weak poison. [potion of mutation]
  1266 | D:2      | Gained mutation: You are agile. (Dex +2) [potion of mutation]
  1419 | D:2      | Reached XP level 4. HP: 11/22 MP: 5/5
  1456 | D:2      | HP: 1/22 [poisoned by an adder]
  1462 | D:2      | HP: 1/22 [poisoned by an adder]
  1848 | D:2      | Noticed a giant frog
  1857 | D:2      | Killed a giant frog
  1857 | D:2      | Reached skill level 7 in Stealth
  1857 | D:2      | Reached XP level 5. HP: 25/25 MP: 6/6
  2169 | D:3      | Noticed Ijyb
  2189 | D:3      | Killed Ijyb
  2555 | D:3      | Noticed Terence
  2567 | D:3      | Killed Terence
  2678 | D:3      | Noticed Robin
  2685 | D:3      | Killed Robin
  2685 | D:3      | Reached skill level 5 in Short Blades
  3038 | D:4      | Found Ythuaxt's Antique Armour Shop.
  3090 | D:4      | Reached XP level 6. HP: 30/30 MP: 7/7
  3395 | D:4      | Found a sacrificial altar of Ru.
  3456 | D:4      | Found a staircase to the Ecumenical Temple.
  3481 | D:4      | Found an iron altar of Okawaru.
  3493 | D:4      | Found Qogostak's Book Shoppe.
  3517 | D:4      | Noticed an ogre
  3527 | D:4      | Killed an ogre
  3527 | D:4      | Reached skill level 8 in Stealth
  3589 | D:4      | Found a snail-covered altar of Cheibriados.
  3604 | D:4      | Reached skill level 5 in Dodging
  3861 | D:5      | Entered Level 5 of the Dungeon
  3966 | D:4      | Bought a glowing robe for 22 gold pieces
  4018 | D:5      | Found Zuqixi's Book Shoppe.
  4061 | D:5      | Reached XP level 7. HP: 33/33 MP: 8/8
  4296 | D:5      | Found an ancient bone altar of Kikubaaqudgha.
  4332 | D:5      | Acquired Ashenzari's first power
  4431 | D:6      | Reached skill level 9 in Stealth
  4446 | D:6      | Reached XP level 8. HP: 6/37 MP: 9/9
  4461 | D:6      | Found a shadowy altar of Dithmenos.
  4487 | D:6      | HP: 1/37 [poisoned by a killer bee]
  4488 | D:6      | Found Hixeawk Tops's Jewellery Shoppe.
  4494 | D:6      | HP: 1/37 [poisoned by a killer bee]
  4972 | D:6      | Found a stormy altar of Qazlal.
  5166 | D:6      | Reached skill level 10 in Stealth
  5355 | D:6      | Bought a cursed ring of teleportation for 217 gold pieces
  5684 | D:7      | HP: 1/37 [wight/enchanted great sword (19)]
  5719 | D:7      | Acquired Ashenzari's second power
  5945 | D:7      | Identified the Papyrus of Burning Conjuration (You found it on level 7 of the Dungeon)
  6077 | D:7      | Reached XP level 9. HP: 24/41 MP: 10/10
  6620 | D:7      | Reached skill level 11 in Stealth
  6763 | D:7      | Noticed Duvessa
  6763 | D:7      | Noticed Dowan
  6767 | D:7      | Killed Duvessa
  6774 | D:7      | Reached skill level 10 in Short Blades
  7380 | D:7      | Killed Dowan
  7512 | D:8      | Found a snail-covered altar of Cheibriados.
  7788 | D:8      | Reached skill level 10 in Dodging
  7954 | D:8      | Found a staircase to the Lair.
  8168 | D:8      | Reached skill level 12 in Stealth
  8422 | D:8      | Found an opulent altar of Gozag.
  8618 | D:9      | Found Fucu's Armour Emporium.
  8644 | D:9      | Reached XP level 10. HP: 40/46 MP: 11/11
  8785 | D:9      | Noticed chimenez's ghost (experienced HOFi)
  9048 | D:9      | Found Sutheggo's Assorted Antiques.
  9135 | D:9      | HP: 1/46 [chimenez's ghost (29)]
  9690 | D:9      | HP: 1/46 [acid (9)]
  9708 | D:10     | Entered Level 10 of the Dungeon
 10262 | D:9      | Reached skill level 13 in Stealth
 10340 | D:9      | Identified the +6 chain mail of Bivvirar {-Tele Str+2 SInv}
 10456 | D:9      | Found Hifras's Antique Weapon Shop.
 11100 | D:10     | Noticed a purple ugly thing
 11202 | Lair:1   | Entered Level 1 of the Lair of Beasts
 11202 | Lair:1   | Acquired Ashenzari's third power
 11271 | Lair:1   | Identified the +5 scimitar "Orb Guardian's Bane" {slice, MR+ MP+9 Dex+2}
 11671 | Lair:1   | Mangled by a spiny frog

Vault maps used:
D:1:      lemuel_arrival_cross
D:2:      nicolae_ashenzari_panopticon, first_bread, grunt_ministairs_14,
          nicolae_gozag_zags_fifth_avenue
D:3:      uniq_robin, uniq_iyjb, uniq_terence
D:4:      cheibriados_altar_wand_db, overflow_temple_1_default,
          minmay_temple_entry_statues_fountains, serial_shops,
          nicolae_shop_temple_entry_statues_fountains, shop_fountains,
          nicolae_ru_path_of_blood
D:5:      kiku_gazebo_pond_becter, serial_shops, shop
D:6:      nicolae_qazlal_eye_of_the_storm, nicolae_dithmenos_shadow_blocks,
          serial_shops, shop, serial_bayou_pond_d, minmay_fountain_box
D:7:      uniq_duvessa
D:8:      nicolae_overflow_hidden_temple, dpeg_oklobed_lair, basic_altar
D:9:      serial_shops, shop, shop, shop, hangedman_little_slice_of_home,
          st_stairs_6
D:10:     orc_0_dummy, enter_trove_2, lemuel_statue_altar

Action                   |  1- 3 |  4- 6 |  7- 9 | 10-12 || total
-------------------------+-------+-------+-------+-------++-------
Melee: Dagger            |   115 |   154 |   474 |   453 ||  1196
 Fire: Blowgun           |     3 |     2 |       |       ||     5
Evoke: Wand              |       |       |     2 |     4 ||     6
  Use: Potion            |     5 |       |     5 |     1 ||    11
       Scroll            |       |     6 |     4 |     5 ||    15
 Stab: Sleeping          |    14 |    13 |    18 |     7 ||    52
       Distracted        |     1 |     3 |     2 |     3 ||     9
  Eat: Bread ration      |       |       |     2 |       ||     2
